 Dungeon Crawl Stone Soup version 0.19.0-22-gd96e5fe (webtiles) character file.

59395 muxecoid the Bludgeoner (level 14, -3/124 HPs)
             Began as a Green Draconian Wanderer on Nov 19, 2016.
             Was a High Priest of Okawaru.
             Shot with an arrow by Nessos (21 damage)
             ... on level 2 of the Orcish Mines.
             The game lasted 02:00:01 (27228 turns).

muxecoid the Bludgeoner (Green Draconian Wanderer) Turns: 27228, Time: 02:00:02

Health: -3/124     AC: 11    Str: 16    XL:     14   Next: 53%
Magic:  12/17      EV: 24    Int: 19    God:    Okawaru [*****.]
Gold:   1174       SH:  0    Dex: 18    Spells: 2 memorised, 12 levels left

rFire  + . .     SeeInvis .     T - +4 longbow of Megalomania {venom, rF+ Int+3 Dex+4}
rCold  . . .     Gourm    +     (armour unavailable)
rNeg   + . .     Faith    .     (shield currently unavailable)
rPois  +         Spirit   .     (helmet restricted)
rElec  +         Reflect  .     (no cloak)
rCorr  .         Harm     .     (no gloves)
MR     +....                    U - +2 pair of boots of Honour {rElec rPois}
Stlth  +++.......               G - amulet of the gourmand
                                W - ring of positive energy
                                r - +3 ring of strength

@: lethally poisoned (-3 -> -16), heroism, finesse
A: breathe noxious fumes, unfitting armour, stinger 1, poison resistance,
cold-blooded, AC +8
a: Breathe Noxious Fumes, Heroism, Finesse, Renounce Religion


You were on level 2 of the Orcish Mines.
You worshipped Okawaru.
Okawaru was extremely pleased with you.
You were very full.

You visited 4 branches of the dungeon, and saw 25 of its levels.

You collected 1462 gold pieces.
You spent 288 gold pieces at shops.

Inventory:

Hand Weapons
 u - a +4 longbow of freezing
 y - a +3 mace of venom
 L - a +1 morningstar of holy wrath
 P - a +6 great mace of draining
 T - the +4 longbow of Megalomania (weapon) {venom, rF+ Int+3 Dex+4}
   (Okawaru gifted it to you on level 4 of the Lair of Beasts)

   It poisons the ammo it fires.
   It affects your intelligence (+3).
   It affects your dexterity (+4).
   It protects you from fire.
 Y - the +6 demon whip "Ruax" {pain, +Rage rElec rF-}
   (Okawaru gifted it to you on level 14 of the Dungeon)

   In the hands of one skilled in necromantic magic, it inflicts extra damage on
   living creatures.
   It makes you vulnerable to fire.
   It insulates you from electricity.
   It lets you go berserk.
Missiles
 b - 378 arrows (quivered)
 N - 10 poisoned javelins
Armour
 U - the +2 pair of boots of Honour (worn) {rElec rPois}
   (Okawaru gifted it to you on level 4 of the Lair of Beasts)

   It insulates you from electricity.
   It protects you from poison.
Jewellery
 r - a +3 ring of strength (left hand)
 G - an amulet of the gourmand (around neck)
 W - a ring of positive energy (right hand)
Wands
 t - a wand of lightning (9/15)
 w - a wand of flame (20/48)
 A - a wand of disintegration (9/24)
 B - a wand of digging (8/24)
 K - a wand of paralysis (15/24)
 V - a wand of enslavement (16/24)
Scrolls
 a - a scroll of holy word
 e - 9 scrolls of magic mapping {unknown}
 g - a scroll of noise {unknown}
 h - 4 scrolls of recharging {unknown}
 j - 5 scrolls of fear {unknown}
 k - 7 scrolls of immolation {unknown}
 l - 4 scrolls of fog {unknown}
 m - 24 scrolls of identify
 n - 2 scrolls of enchant weapon
 o - 5 scrolls of teleportation
 p - 7 scrolls of enchant armour
 s - 3 scrolls of amnesia
 z - 11 scrolls of remove curse
 O - 2 scrolls of silence {unknown}
 R - a scroll of random uselessness {unknown}
Potions
 d - 3 potions of curing
 i - 3 potions of haste {unknown}
 v - 3 potions of invisibility {unknown}
 x - 3 potions of mutation {unknown}
 C - 2 potions of lignification {unknown}
 D - a potion of heal wounds {unknown}
 F - 4 potions of flight
 H - 3 potions of agility
 I - 4 potions of brilliance {unknown}
 J - 2 potions of cure mutation {unknown}
 Q - a potion of might {unknown}
 Z - 2 potions of berserk rage {unknown}
Comestibles
 c - 2 royal jellies
 f - 10 bread rations
 q - 10 meat rations
 E - 16 fruits
 M - 6 beef jerkies
 X - a slice of pizza


   Skills:
 - Level 11.1(16.1) Fighting
 - Level 16.0(21.0) Maces & Flails
 * Level 10.8(15.8) Bows
 - Level 3.0(8.0) Throwing
 + Level 9.8(14.8) Dodging
 - Level 1.0(6.0) Stealth
   Level 1.0(6.0) Shields
 - Level 2.0 Spellcasting
 - Level 2.6 Charms
   Level 1.0 Fire Magic
 - Level 2.0 Ice Magic
 - Level 2.0 Air Magic
 - Level 5.0 Invocations


You had 12 spell levels left.
You knew the following spells:

 Your Spells              Type           Power        Failure   Level  Hunger
a - Ozocubu's Armour      Chrm/Ice       ##......     21%         3    ###....
b - Repel Missiles        Chrm/Air       ##....       12%         2    ###....


Dungeon Overview and Level Annotations

Branches:
Dungeon (15/15)            Temple (0/1) D:5            Lair (6/6) D:10
 Shoals (0/4) Lair:4        Snake (2/4) Lair:4        Slime (0/5) Lair:5
    Orc (2/2) D:10            Elf (0/3) Orc:2        Vaults (0/5) D:14
 Depths: D:15

Altars:
Fedhas
Gozag
Hepliaklqana
Makhleb
Okawaru
Ru
Sif Muna
Trog
Yredelemnul
Zin

Shops:
D:2 *   D:5 ?   D:7 (   D:8 [   Orc:2 %

Annotations:
Lair:4 1 runed door
Snake:2 Vashnia
Orc:2 Nessos


Innate Abilities, Weirdness & Mutations

You can breathe blasts of noxious fumes.
Your lurid green scales are hard. (AC +8)
You cannot fit into any form of body armour.
Your tail ends in a poisonous barb.
Your system is resistant to poisons. (rPois)
You are cold-blooded and may be slowed by cold attacks.


Message History

The arrow hits you!!
* * * LOW HITPOINT WARNING * * *
The arrow burns you.
* * * LOW HITPOINT WARNING * * *
The orc wizard mumbles some strange words.
The orc wizard casts a spell at you. You resist with almost no effort.
You see here an arrow.
Wield which item (- for none, * to show all)? (? for menu, Esc to quit)
The +4 longbow of Megalomania {venom, rF+ Int+3 Dex+4} begins to drip with poison!
T - the +4 longbow of Megalomania (weapon)
{venom, rF+ Int+3 Dex+4} Nessos intently looks at you, slowly moving his tail.
Nessos shoots an arrow.
The arrow completely misses you.
Nessos mumbles some strange words.
Nessos shoots an arrow.
The arrow hits you!
* * * LOW HITPOINT WARNING * * *
You are poisoned.
You see here an arrow.
You feel sick.
Nessos blinks!
Nessos shoots an arrow.
The arrow hits you!!
You die...

$$...............................
...............................o>
.................................
.................................
.......................#......$..
........................#....##.#
.......................#......# .
..#...........(..#.....#......#
)...............@o##..........#.
)....<.............##.o..........
))...............o§oo))..........
..#...........##.#..oo.)..#...#..
..................#...#.#..#.....
............c.....#....#.........
..#.....#....#.............#....#
............###...#.#..#.........
.....<.##.### ##.####...##....#


You could see Nessos, 3 orc warriors, an orc wizard and 2 orcs.

Vanquished Creatures
  8 vault guards
  3 hydras
  2 naga sharpshooters (Snake:1)
  Nergalle (Lair:2)
  A fire crab (Lair:4)
  An unseen horror (D:12)
  4 sea snakes (Snake:1)
  A naga ritualist (Snake:1)
  A phantasmal warrior (D:15)
  An orc knight (Orc:2)
  6 hill giants
  9 ugly things
  A cyclops (D:14)
  2 orc sorcerers (Orc:1)
  4 mana vipers (Snake:1)
  2 manticores
  3 sirens (Lair:4)
  4 elephants (Lair:4)
  9 black mambas
  A naga mage (Snake:1)
  2 gargoyles
  8 spiny frogs
  3 komodo dragons
  A rime drake (shapeshifter) (D:13)
  3 kobold demonologists
  A freezing wraith (D:15)
  A rime drake (Lair:2)
  2 trolls (D:12)
  2 two-headed ogres
  A merfolk (Lair:4)
  A polar bear (shapeshifter) (D:15)
  14 slime creatures
  10 dream sheep
  5 blink frogs
  5 hippogriffs
  6 wraiths
  4 wyverns
  21 yaks
  2 basilisks
  2 vampire mosquitoes (D:15)
  2 hungry ghosts
  A warg (D:10)
  9 nagas
  11 water moccasins
  6 porcupines
  Duvessa (D:4)
  3 black bears (D:9)
  An eye of draining (D:11)
  7 orc warriors
  2 swamp drakes (D:10)
  3 ice beasts
  5 phantoms
  6 centaurs
  8 wolves
  8 ogres
  6 crocodiles
  A big kobold (D:7)
  14 bullfrogs
  2 wyvern skeletons
  2 scorpions
  Dowan (D:4)
  6 killer bees
  3 wights
  6 crimson imps
  A lava snake (D:15)
  A bullfrog zombie (D:6)
  3 centaur zombies
  5 hounds
  7 jellies
  13 orc priests
  2 bullfrog skeletons
  4 centaur skeletons
  17 orc wizards
  7 iguanas
  A killer bee zombie (D:6)
  10 worker ants
  2 hound zombies
  A hound skeleton (D:10)
  A howler monkey zombie (D:11)
  Robin (D:4)
  19 adders
  5 shadow imps
  2 oozes
  An adder zombie (D:7)
  2 adder skeletons
  3 worms
  3 dart slugs
  5 leopard geckos
  63 orcs
  9 bats
  8 giant cockroaches
  2 gnoll zombies (D:9)
  17 goblins
  14 hobgoblins
  22 jackals
  8 quokkas
  5 frilled lizards
  A jackal skeleton (D:5)
  15 kobolds
  A quokka zombie (D:6)
  8 rats
  3 fungi
  A plant (Lair:4)
565 creatures vanquished.

Vanquished Creatures (others)
  An orc wizard (D:5)
  7 fungi
  19 plants
27 creatures vanquished.

Grand Total: 592 creatures vanquished

Notes
Turn   | Place    | Note
-------+----------+-------------------------------------------
     0 | D:1      | muxecoid the Draconian Wanderer began the quest for the Orb.
     0 | D:1      | muxecoid set off with: a +2 shortbow, 19 arrows, a +0 mace, a potion of curing, a bread ration
     0 | D:1      | Reached XP level 1. HP: 19/19 MP: 1/1
   147 | D:1      | You fall through a shaft!
   177 | D:2      | Reached XP level 2. HP: 23/27 MP: 2/2
   451 | D:2      | Reached XP level 3. HP: 33/33 MP: 3/3
  1114 | D:2      | Found Gozag's Platinum Reserve.
  1153 | D:2      | Found an opulent altar of Gozag.
  1230 | D:2      | Reached XP level 4. HP: 36/40 MP: 4/4
  2049 | D:3      | Reached skill level 1 in Maces & Flails
  2120 | D:3      | Reached skill level 1 in Dodging
  2124 | D:3      | Found a blossoming altar of Fedhas.
  2206 | D:2      | Reached XP level 5. HP: 40/46 MP: 5/5
  2830 | D:4      | Noticed Robin
  2845 | D:4      | Killed Robin
  3131 | D:4      | Reached XP level 6. HP: 36/52 MP: 6/6
  3242 | D:4      | Reached skill level 5 in Bows
  3500 | D:4      | Noticed Duvessa
  3501 | D:4      | Noticed Dowan
  3504 | D:5      | Entered Level 5 of the Dungeon
  3543 | D:5      | Found Zatteg's Magic Scroll Boutique.
  3659 | D:5      | Bought a scroll of teleportation for 36 gold pieces
  3975 | D:5      | Bought a scroll of remove curse for 36 gold pieces
  4006 | D:5      | Reached skill level 2 in Maces & Flails
  4006 | D:5      | Your scales start taking on a lurid green colour.
  4006 | D:5      | Reached XP level 7. HP: 52/59 MP: 7/7
  4006 | D:5      | Gained mutation: Your system is resistant to poisons. (rPois) [Green Draconian growth]
  4482 | D:5      | Found a burning altar of Makhleb.
  4567 | D:5      | Found an iron altar of Okawaru.
  4720 | D:5      | Became a worshipper of Warmaster Okawaru
  4867 | D:5      | Found a staircase to the Ecumenical Temple.
  4889 | D:5      | Reached skill level 3 in Maces & Flails
  5397 | D:4      | Killed Dowan
  5774 | D:4      | Killed Duvessa
  5774 | D:4      | Reached * piety under Okawaru
  5774 | D:4      | Reached skill level 5 in Fighting
  5774 | D:4      | Reached skill level 4 in Maces & Flails
  5774 | D:4      | Reached XP level 8. HP: 14/68 MP: 8/8
  6550 | D:6      | Reached skill level 5 in Maces & Flails
  7055 | D:7      | Reached ** piety under Okawaru
  7124 | D:7      | Reached skill level 6 in Maces & Flails
  7227 | D:7      | Found Desekeoq's Antique Weapon Boutique.
  7234 | D:7      | Bought an encrusted quarterstaff for 216 gold pieces
  7235 | D:7      | Identified the cursed +0 quarterstaff of Xanuoxod {protect, *Corrode Str+2 Dex+6 Stlth+} (You bought it in a shop on level 7 of the Dungeon)
  7496 | D:7      | Reached skill level 1 in Throwing
  7744 | D:7      | Reached XP level 9. HP: 78/78 MP: 9/9
  7917 | D:8      | Found a glowing silver altar of Zin.
  7956 | D:8      | Found Cuaxe's Armour Emporium.
  8077 | D:8      | You fall through a shaft for 2 floors!
  8077 | D:10     | Entered Level 10 of the Dungeon
  8150 | D:9      | Found a deep blue altar of Sif Muna.
  8448 | D:9      | Found a bloodstained altar of Trog.
  8455 | D:9      | Reached skill level 7 in Maces & Flails
  8457 | D:9      | Reached *** piety under Okawaru
  9048 | D:9      | Reached skill level 8 in Maces & Flails
  9048 | D:9      | Reached skill level 5 in Dodging
  9363 | D:9      | Reached **** piety under Okawaru
  9405 | D:9      | Reached XP level 10. HP: 72/90 MP: 10/10
  9609 | D:9      | Found a basalt altar of Yredelemnul.
  9739 | D:10     | Noticed a hill giant
  9752 | D:10     | Killed a hill giant
  9752 | D:10     | Received a gift from Okawaru
  9987 | D:10     | Found a staircase to the Orcish Mines.
 10131 | Orc:1    | Entered Level 1 of the Orcish Mines
 10189 | Orc:1    | Reached skill level 10 in Fighting
 10308 | Orc:1    | Noticed an orc sorcerer
 10320 | Orc:1    | Killed an orc sorcerer
 10418 | D:10     | HP: 4/94 [warg (11)]
 10427 | D:10     | Reached skill level 9 in Maces & Flails
 10840 | Orc:1    | Noticed an orc sorcerer
 10851 | Orc:1    | Killed an orc sorcerer
 10851 | Orc:1    | Reached ***** piety under Okawaru
 11034 | D:10     | Reached skill level 1 in Invocations
 11042 | D:10     | Learned a level 3 spell: Ozocubu's Armour
 11123 | D:10     | Received a gift from Okawaru
 11932 | D:11     | Learned a level 2 spell: Repel Missiles
 12002 | D:11     | Reached XP level 11. HP: 102/102 MP: 11/11
 12163 | D:11     | Noticed a hill giant
 12203 | D:11     | Killed a hill giant
 12203 | D:11     | Reached skill level 10 in Maces & Flails
 12901 | D:10     | Noticed a hill giant
 12920 | D:10     | Killed a hill giant
 12995 | D:10     | Found a staircase to the Lair.
 13000 | Lair:1   | Entered Level 1 of the Lair of Beasts
 13719 | Lair:1   | Reached skill level 11 in Maces & Flails
 13756 | Lair:2   | Received a gift from Okawaru
 14984 | Lair:2   | Reached skill level 12 in Maces & Flails
 15227 | Lair:2   | Found a hazy altar of Hepliaklqana.
 15364 | Lair:2   | Noticed Nergalle
 15381 | Lair:2   | Killed Nergalle
 15925 | Lair:4   | Found a runed door.
 15953 | Lair:4   | Noticed a six-headed hydra
 15960 | Lair:4   | Killed a six-headed hydra
 15960 | Lair:4   | Reached XP level 12. HP: 70/110 MP: 7/15
 16154 | Lair:4   | Received a gift from Okawaru
 16155 | Lair:4   | Got a pair of crude boots {god gift}
 16182 | Lair:4   | Identified the +2 pair of boots of Honour {rElec rPois} (Okawaru gifted it to you on level 4 of the Lair of Beasts)
 16349 | Lair:4   | Reached skill level 13 in Maces & Flails
 16356 | Lair:4   | Reached skill level 5 in Invocations
 16584 | Lair:4   | Noticed a seven-headed hydra
 16595 | Lair:4   | Killed a seven-headed hydra
 17660 | Lair:4   | Found a staircase to the Snake Pit.
 17693 | Lair:4   | Reached skill level 14 in Maces & Flails
 17777 | Lair:4   | Found a staircase to the Shoals.
 17823 | Snake:1  | Entered Level 1 of the Snake Pit
 18126 | Snake:1  | Received a gift from Okawaru
 18157 | Snake:2  | Noticed Vashnia
 18382 | Snake:1  | Reached skill level 15 in Maces & Flails
 18391 | Snake:1  | Reached XP level 13. HP: 57/116 MP: 4/16
 18772 | Snake:1  | Reached ****** piety under Okawaru
 18776 | Snake:1  | Received a gift from Okawaru
 20018 | Lair:4   | Reached skill level 16 in Maces & Flails
 20202 | Lair:5   | Found a staircase to the Slime Pits.
 20221 | Lair:5   | Reached skill level 1 in Air Magic
 20291 | Lair:5   | Reached skill level 1 in Spellcasting
 20291 | Lair:5   | Reached skill level 1 in Ice Magic
 21176 | Lair:6   | Entered Level 6 of the Lair of Beasts
 21252 | Lair:4   | Received a gift from Okawaru
 21268 | Lair:4   | Got a slimy longbow {god gift}
 21269 | Lair:4   | Identified the +4 longbow of Megalomania {venom, rF+ Int+3 Dex+4} (Okawaru gifted it to you on level 4 of the Lair of Beasts)
 23438 | D:13     | Received a gift from Okawaru
 23801 | D:13     | Received a gift from Okawaru
 24279 | D:14     | Gained mutation: Your tail ends in a poisonous barb. [Green Draconian growth]
 24279 | D:14     | Reached XP level 14. HP: 124/124 MP: 13/17
 24339 | D:14     | Received a gift from Okawaru
 24352 | D:14     | Got a smoking demon whip {god gift}
 24364 | D:14     | Identified the +6 demon whip "Ruax" {pain, +Rage rElec rF-} (Okawaru gifted it to you on level 14 of the Dungeon)
 24923 | D:15     | Entered Level 15 of the Dungeon
 25525 | D:15     | Reached skill level 10 in Bows
 25623 | D:14     | Found a gate to the Vaults.
 25998 | D:14     | Received a gift from Okawaru
 26413 | D:15     | Found a sacrificial altar of Ru.
 27113 | Orc:2    | Entered Level 2 of the Orcish Mines
 27134 | Orc:2    | Found Sophuchi's Food Emporium.
 27187 | Orc:2    | Found a staircase to the Elven Halls.
 27196 | Orc:2    | Noticed Nessos
 27228 | Orc:2    | Shot with an arrow by Nessos

Skill      XL: |  1  2  3  4  5  6  7  8  9 10 11 12 13 14 |
---------------+-------------------------------------------+-----
Fighting       | 4 5 6 8 11 | 11.1
Bows           | 2 3 4 5 6 8 10 | 10.8
Maces & Flails | 1 2 4 6 8 9 12 15 16 | 16.0
Dodging        | 1 2 3 5 6 7 9 |  9.8
Throwing       | 1 2 3 |  3.0
Invocations    | 1 4 5 |  5.0
Charms         | 2 |  2.6
Air Magic      | 2 |  2.0
Spellcasting   | 2 |  2.0
Ice Magic      | 2 |  2.0
Stealth        | |  1.0
Shields        | |  1.0
Fire Magic     | |  1.0

Action                   |  1- 3 |  4- 6 |  7- 9 | 10-12 | 13-15 || total
-------------------------+-------+-------+-------+-------+-------++-------
Melee: Mace              |    18 |    61 |   368 |   115 |       ||   562
       Tailslap          |     1 |     4 |    31 |    71 |    82 ||   189
       Trident           |       |       |    10 |       |       ||    10
       Great mace        |       |       |       |   439 |   557 ||   996
       Morningstar       |       |       |       |     6 |    15 ||    21
       Longbow           |       |       |       |       |     1 ||     1
 Fire: Shortbow          |   111 |   134 |    86 |    98 |       ||   429
       Blowgun           |       |     5 |     3 |    16 |       ||    24
       Longbow           |       |       |       |       |   113 ||   113
Throw: Javelin           |       |       |       |     7 |       ||     7
 Cast: Repel Missiles    |       |       |       |     1 |     2 ||     3
       Ozocubu's Armour  |       |       |       |       |     4 ||     4
Invok: Heroism           |       |       |     2 |    16 |    15 ||    33
       Finesse           |       |       |       |     3 |     6 ||     9
 Abil: Breathe Noxious F |       |       |     2 |     2 |       ||     4
  Use: Scroll            |       |     1 |     2 |       |    11 ||    14
       Potion            |       |       |       |     2 |     8 ||    10
 Stab: Sleeping          |       |     1 |     4 |     6 |     1 ||    12
       Distracted        |       |       |     1 |       |       ||     1
  Eat: Chunk             |     1 |     8 |    19 |    25 |    36 ||    89
       Beef jerky        |       |       |     1 |       |       ||     1
       Fruit             |       |       |       |     3 |     4 ||     7
       Pizza             |       |       |       |     1 |       ||     1
Armor: Skin              |    23 |    37 |    92 |   103 |   115 ||   370
Dodge: Dodged            |    32 |    80 |   255 |   393 |   397 ||  1157
       Deflected         |       |       |       |     4 |     5 ||     9
